 Dungeon Crawl Stone Soup version 0.29-a0-214-g17f627cfee (webtiles) character file.

Game seed: 17655080016137731132

171 GraveyardiganJr the Quickloader (level 5, 0/43 HPs)
             Began as a Gnoll Hunter on Feb 25, 2022.
             Was an Initiate of Ashenzari.
             Slain by Pargi (3 damage)
             ... in a sewer.
             The game lasted 00:14:27 (1913 turns).

GraveyardiganJr the Quickloader (Gnoll Hunter)      Turns: 1913, Time: 00:14:28

Health: 0/43       AC:  9    Str: 14    XL:     5   Next: 51%
Magic:  7/7        EV: 10    Int: 10    God:    Ashenzari [......]
Gold:   98         SH:  0    Dex: 12    Spells: 6/7 levels left

rFire   . . .      SeeInvis +   a - +1 hand crossbow
rCold   . . .      Faith    .   (no shield)
rNeg    . . .      Spirit   .   p - +3 scale mail {rPois}
rPois   +          Reflect  .   (no helmet)
rElec   .          Harm     .   (no cloak)
rCorr   .          Rampage  .   (no gloves)
Will    .....                   (no boots)
Stlth   +.........              (no amulet)
HPRegen 0.14/turn               d - ring of see invisible
MPRegen 0.10/turn               (no ring)

@: no status effects
A: fangs 1, strong nose, distributed training
a: Renounce Religion


You were in a sewer.
You worshipped Ashenzari.
Ashenzari was noncommittal.
You visited 1 branch of the dungeon, and saw 3 of its levels.
You also visited: Sewer.

You collected 98 gold pieces.

Inventory:

Hand Weapons
 a - a +1 hand crossbow (weapon)
Armour
 p - a +3 scale mail of poison resistance (worn)
Jewellery
 d - a ring of see invisible (left hand)
Scrolls
 h - 2 scrolls of identify
 k - a scroll of blinking {unknown}
 l - a scroll of brand weapon {unknown}
 m - a scroll of immolation {unknown}
 o - a scroll of noise {unknown}
Potions
 c - a potion of resistance


   Skills:
 + Level 4.8 Fighting
 + Level 1.5 Short Blades
 + Level 1.5 Long Blades
 + Level 1.5 Axes
 + Level 1.5 Maces & Flails
 + Level 1.5 Polearms
 + Level 1.5 Staves
 + Level 1.5 Slings
 + Level 1.5 Bows
 + Level 8.6 Crossbows
 + Level 1.5 Throwing
 + Level 1.5 Armour
 + Level 4.8 Dodging
 + Level 2.8 Stealth
 + Level 1.5 Shields
 + Level 1.5 Unarmed Combat
 + Level 1.5 Spellcasting
 + Level 1.2 Conjurations
 + Level 1.2 Hexes
 + Level 1.2 Summonings
 + Level 1.2 Necromancy
 + Level 1.2 Translocations
 + Level 1.2 Transmutations
 + Level 1.2 Fire Magic
 + Level 1.2 Ice Magic
 + Level 1.2 Air Magic
 + Level 1.2 Earth Magic
 + Level 1.2 Poison Magic
 + Level 1.7 Invocations
 + Level 1.5 Evocations


You had 6 spell levels left.
You knew the following spells:

 Your Spells              Type           Power      Damage    Failure   Level
a - Apportation           Tloc           6%         N/A       65%         1

Your spell library contained the following spells:

 Spells                   Type           Power      Damage    Failure   Level
 Foxfire                  Conj/Fire      12%        2x1d4     65%         1
 Magic Dart               Conj           12%        1d3       65%         1
 Confusing Touch          Hex            3%         N/A       95%         3
 Yara's Violent Unravell  Hex/Tmut       1%         3d3       100%        5
 Enfeeble                 Hex            1%         N/A       100%        7


Dungeon Overview and Level Annotations

Branches:
Dungeon (3/15)              Sewer (1/1)

Altars:
Ashenzari

Annotations:
Sewer Pargi


Innate Abilities, Weirdness & Mutations

You have very sharp teeth.
Your uncanny sense of smell can sniff out nearby items.
Your experience applies equally to all skills.


Message History

Aim: Pargi (severely wounded, 60% to hit)
You shoot a bolt. The bolt barely misses Pargi.
Pargi bites you.
* * * LOW HITPOINT WARNING * * *
Pargi claws you but does no damage. x2
Shoot: a) +1 hand crossbow
Press: ? - help, Q - select action, (/) - cycle Shift-Dir - straight line, f/p - Pargi
Aim: Pargi (severely wounded, 60% to hit)
You shoot a bolt. The bolt barely misses Pargi.
Pargi bites you.
* * * LOW HITPOINT WARNING * * *
Pargi closely misses you. Pargi claws you but does no damage.
Shoot: a) +1 hand crossbow
Press: ? - help, Q - select action, (/) - cycle Shift-Dir - straight line, f/p - Pargi
Aim: Pargi (severely wounded, 60% to hit)
You shoot a bolt. The bolt hits Pargi.
Pargi is severely wounded.
Pargi bites you.
* * * LOW HITPOINT WARNING * * *
Pargi claws you but does no damage. Pargi barely misses you. x2
Pargi claws you but does no damage. x2
Shoot: a) +1 hand crossbow
Press: ? - help, Q - select action, (/) - cycle Shift-Dir - straight line, f/p - Pargi
Aim: Pargi (severely wounded, 60% to hit)
You shoot a bolt. The bolt barely misses Pargi.
Pargi bites you but does no damage. Pargi barely misses you. Pargi claws you.
* * * LOW HITPOINT WARNING * * *
Shoot: a) +1 hand crossbow
Press: ? - help, Q - select action, (/) - cycle Shift-Dir - straight line, f/p - Pargi
Aim: Pargi (severely wounded, 60% to hit)
You shoot a bolt. The bolt closely misses Pargi.
Pargi misses you. Pargi claws you.
* * * LOW HITPOINT WARNING * * *
Pargi claws you but does no damage.
Shoot: a) +1 hand crossbow
Press: ? - help, Q - select action, (/) - cycle Shift-Dir - straight line, f/p - Pargi
Aim: Pargi (severely wounded, 60% to hit)
You shoot a bolt. The bolt misses Pargi.
Pargi bites you but does no damage. Pargi claws you.
You die...

+.≈≈≈.+
#.≈≈≈.#
#.≈≈≈.#
+.≈≈≈.+
#.≈≈≈.#
####.≈≈≈.#
#∩....∩..+
∆
####.≈≈≈.#
#@≈≈≈.#
#).T.≈≈≈.+
∆
####.≈≈≈.#
#.≈≈≈.#
+.≈≈≈.+
#.≈≈≈.#
#.≈≈≈.#
+.≈≈≈.+
#######


You could see Pargi.

Vanquished Creatures
  An ice beast (D:2)
  An orc wizard (D:2)
  A river rat (D:2)
  An ufetubus (D:2)
  3 orcs
  5 bats
  2 endoplasms
  2 goblins
  5 hobgoblins
  2 jackals (D:1)
  A quokka (D:1)
  4 ball pythons
  3 kobolds (D:1)
  6 rats
37 creatures vanquished.

Notes
Turn   | Place    | Note
-------+----------+-------------------------------------------
     0 | D:1      | GraveyardiganJr the Gnoll Hunter began the quest for the
                  | Orb.
     0 | D:1      | Reached XP level 1. HP: 20/20 MP: 1/1
   162 | D:1      | Reached XP level 2. HP: 23/26 MP: 2/2
   209 | D:1      | Found a faded altar of an unknown god.
   220 | D:1      | Got Plato's Volume of the Voyage
   223 | D:1      | Learned a level 1 spell: Apportation
   223 | D:1      | Prayed at the altar of an unknown god.
   223 | D:1      | Became a worshipper of Ashenzari the Shackled
   756 | D:2      | Reached XP level 3. HP: 31/31 MP: 3/3
   812 | D:2      | Got A Beginning Course on Theurgy
  1253 | D:3      | Noticed an ice beast
  1254 | D:3      | Found a glowing drain.
  1317 | D:2      | Killed an ice beast
  1318 | D:2      | Reached skill level 1 in Short Blades
  1318 | D:2      | Reached skill level 1 in Long Blades
  1318 | D:2      | Reached skill level 1 in Axes
  1318 | D:2      | Reached skill level 1 in Maces & Flails
  1318 | D:2      | Reached skill level 1 in Polearms
  1318 | D:2      | Reached skill level 1 in Staves
  1318 | D:2      | Reached skill level 1 in Slings
  1318 | D:2      | Reached skill level 1 in Bows
  1318 | D:2      | Reached skill level 1 in Throwing
  1318 | D:2      | Reached skill level 1 in Armour
  1318 | D:2      | Reached skill level 1 in Shields
  1318 | D:2      | Reached skill level 1 in Unarmed Combat
  1318 | D:2      | Reached skill level 1 in Spellcasting
  1318 | D:2      | Reached skill level 1 in Conjurations
  1318 | D:2      | Reached skill level 1 in Hexes
  1318 | D:2      | Reached skill level 1 in Summonings
  1318 | D:2      | Reached skill level 1 in Necromancy
  1318 | D:2      | Reached skill level 1 in Translocations
  1318 | D:2      | Reached skill level 1 in Transmutations
  1318 | D:2      | Reached skill level 1 in Fire Magic
  1318 | D:2      | Reached skill level 1 in Ice Magic
  1318 | D:2      | Reached skill level 1 in Air Magic
  1318 | D:2      | Reached skill level 1 in Earth Magic
  1318 | D:2      | Reached skill level 1 in Poison Magic
  1318 | D:2      | Reached skill level 1 in Invocations
  1318 | D:2      | Reached skill level 1 in Evocations
  1318 | D:2      | Reached XP level 4. HP: 6/38 MP: 4/6
  1318 | D:2      | Reached XP level 5. HP: 7/43 MP: 4/7
  1857 | Sewer    | Entered a sewer
  1888 | Sewer    | Noticed Pargi
  1913 | Sewer    | Slain by Pargi

Illustrated notes

Levels and vault maps discovered:
D:1:      lemuel_arrival_room, layout_basic, shapermc_ecumenical_altar_rom_forum
D:2:      layout_basic, fountainhead
D:3:      layout_loops_cross, dk_yredelemnul_ordeal, ashenzari_altar_1,
          portal_sewer_entry_a, hangedman_decor_points
Sewer:    kennysheep_door_sewer

Skill      XL: |  1  2  3 |
---------------+----------+-----
Short Blades   | 1 |  1.5
Long Blades    | 1 |  1.5
Axes           | 1 |  1.5
Maces & Flails | 1 |  1.5
Polearms       | 1 |  1.5
Staves         | 1 |  1.5
Slings         | 1 |  1.5
Bows           | 1 |  1.5
Throwing       | 1 |  1.5
Armour         | 1 |  1.5
Shields        | 1 |  1.5
Unarmed Combat | 1 |  1.5
Spellcasting   | 1 |  1.5
Conjurations   | 1 |  1.2
Hexes          | 1 |  1.2
Summonings     | 1 |  1.2
Necromancy     | 1 |  1.2
Translocations | 1 |  1.2
Transmutations | 1 |  1.2
Fire Magic     | 1 |  1.2
Ice Magic      | 1 |  1.2
Air Magic      | 1 |  1.2
Earth Magic    | 1 |  1.2
Poison Magic   | 1 |  1.2
Invocations    | 1 |  1.7
Evocations     | 1 |  1.5
Fighting       | |  4.8
Crossbows      | |  8.6
Dodging        | |  4.8
Stealth        | |  2.8

Action                   |  1- 3 |  4- 6 || total
-------------------------+-------+-------++-------
Melee: Unarmed           |     3 |       ||     3
       Hand crossbow     |     1 |    10 ||    11
       Bite              |       |     2 ||     2
 Fire: Hand crossbow     |    97 |    35 ||   132
Invok: Curse Item        |     1 |       ||     1
       Shatter the Chain |       |     1 ||     1
  Use: Scroll            |     3 |       ||     3
       Potion            |     2 |     2 ||     4
Armor: Leather armour    |    16 |       ||    16
       Scale mail        |       |    60 ||    60
Dodge: Dodged            |    65 |    57 ||   122

Table legend: (Time is in decaauts)
 A = Elapsed time spent in this place.
 B = Non-inter-level travel time spent in this place.
 C = Inter-level travel time spent in this place.
 D = Time resting spent in this place.
 E = Time spent auto-exploring this place.
 F = Levels seen in this place.
 G = Mean time per level.
                   A        B        C        D        E       F      G
               +--------+--------+--------+--------+--------+-----+--------+
         Total |   1928 |   1830 |     98 |    512 |    934 |   4 |  482.0 |
       Dungeon |   1866 |   1768 |     98 |    488 |    934 |   3 |  622.0 |
         Sewer |     62 |     62 |      0 |     24 |      0 |   1 |   62.0 |
               +--------+--------+--------+--------+--------+-----+--------+

Top non-repeatable levels by time:
     D:2: 1105 daAuts
     D:1: 683 daAuts
     D:3: 78 daAuts
   Sewer: 62 daAuts
